 Dungeon Crawl Stone Soup version 0.29-a0-214-g17f627cfee (webtiles) character file.

Game seed: 3844889179616145292

226767 tsouns the Eclecticist (level 18, -14/127 (149) HPs)
             Began as a Demonspawn Venom Mage on Jan 28, 2022.
             Was the Champion of Jiyva.
             Demolished by a spriggan berserker
             ... wielding a +2 rapier of draining
              (39 damage)
             ... on level 4 of the Swamp on Feb 25, 2022.
             The game lasted 01:32:47 (26867 turns).

tsouns the Eclecticist (Demonspawn Venom Mage)     Turns: 26867, Time: 01:32:48

HP:   -14/127 (149) AC: 18    Str: 12    XL:     18   Next: 65%
MP:   37/37         EV: 12    Int: 29    God:    Jiyva [******]
Gold: 897           SH: 18    Dex: 15    Spells: 18/47 levels left

rFire   + + .      SeeInvis +   a - +10 morningstar "Eos" {elec, Halo rElec}
rCold   . . .      Faith    .   T - +2 kite shield {AC+3}
rNeg    . . .      Spirit   .   t - +0 steam dragon scales
rPois   +          Reflect  .   (helmet unavailable)
rElec   +          Harm     .   n - +2 cloak
rCorr   +          Rampage  .   E - +1 pair of gloves {Dex+3}
rMut    +          Clarity  +   (boots unavailable)
Will    ++...                   O - amulet "Qewog" {RegenMP rPois rCorr Dex-4 SInv}
Stlth   +.........              f - +6 ring of intelligence
HPRegen 1.91/turn               D - ring "Ozeir" {Wiz Will+ Dex+2 Slay+2}
MPRegen 1.15/turn

@: glowing, studying Dodging, heavily drained
A: antennae 3, molten scales 3, ignite blood 2, powered by death 2, augmentation
1, fangs 1, hooves 3, large bone plates 2, clarity, fire resistance 1, mutation
resistance 3, poison resistance, robust 1, shaggy fur 1, strong 1, jelly sensing
items, engulf
}: 1/15 runes: serpentine
a: Renounce Religion, Oozemancy, Slimify


You were on level 4 of the Swamp.
You worshipped Jiyva.
Jiyva was exalted by your worship.
You visited 5 branches of the dungeon, and saw 31 of its levels.
You also visited: Sewer and Ice Cave.

You collected 3188 gold pieces.
You spent 2291 gold pieces at shops.

Inventory:

Hand Weapons
 a - the +10 morningstar "Eos" (weapon) {elec, Halo rElec}
   (You found it on level 2 of the Lair of Beasts)

   It occasionally discharges a powerful burst of electricity upon striking a
   foe.
   It grants its wielder a halo, increasing accuracy against those within it.
   rElec:     It insulates you from electricity.
 r - a +2 vorpal dire flail
 Y - the +10 morningstar of Bloodstone {spect, Int+2 Dex+2 SInv}
   (You found it on level 3 of the Swamp)

   When its wielder attacks, the weapon's spirit leaps out and strikes again.
   The spirit shares a part of any damage it takes with its wielder.
   Int:       It affects your intelligence (+2).
   Dex:       It affects your dexterity (+2).
   SInv:      It lets you see invisible.
Missiles
 o - 6 throwing nets
Armour
 j - a +1 pair of boots
 n - a +2 cloak (worn)
 t - +0 steam dragon scales (worn)
 E - a +1 pair of gloves of dexterity (worn)
 R - +0 acid dragon scales
 T - a +2 kite shield of protection (worn)
Jewellery
 f - a +6 ring of intelligence (left hand)
 p - an amulet of the acrobat
 D - the ring "Ozeir" (right hand) {Wiz Will+ Dex+2 Slay+2}
   (You bought it in a shop on level 2 of the Orcish Mines)

   [ring of wizardry]

   It improves your spell success rate.
   Dex:       It affects your dexterity (+2).
   Slay:      It affects your accuracy & damage with ranged weapons and melee
   (+2).
   Will:      It increases your willpower.
 N - the ring of Eternal Harmony {rPois rC+ Slay+4}
   (You found it on level 4 of the Lair of Beasts)

   [ring of slaying]

   Slay:      It affects your accuracy & damage with ranged weapons and melee
   (+4).
   rC:        It protects you from cold.
   rPois:     It protects you from poison.
 O - the amulet "Qewog" (around neck) {RegenMP rPois rCorr Dex-4 SInv}
   (You found it on level 11 of the Dungeon)

   [amulet of magic regeneration]

   It increases your rate of magic regeneration.
   Dex:       It affects your dexterity (-4).
   rPois:     It protects you from poison.
   SInv:      It lets you see invisible.
   rCorr:     It protects you from acid and corrosion.
 Q - the ring "Jalodyik" {Ice Dex+2}
   (You took it off a naga ritualist on level 3 of the Snake Pit)

   [ring of ice]

   It enhances your ice magic.
   Dex:       It affects your dexterity (+2).
   rF:        It makes you vulnerable to fire.
   rC:        It protects you from cold.
Wands
 b - a wand of polymorph (30)
 l - a wand of digging (2)
 v - a wand of charming (5)
 y - a wand of mindburst (22)
 z - a wand of iceblast (19)
 B - a wand of paralysis (8)
 P - a wand of acid (9)
 W - a wand of flame (3)
Scrolls
 e - 12 scrolls of teleportation
 i - 2 scrolls of immolation
 s - a scroll of silence
 w - a scroll of summoning
 x - 7 scrolls of identify
 C - 2 scrolls of fear
 I - 4 scrolls of holy word
 J - 2 scrolls of amnesia
 K - 3 scrolls of enchant weapon
 L - 3 scrolls of magic mapping
 S - a scroll of blinking
 U - a scroll of fog
Potions
 c - 2 potions of resistance
 d - 2 potions of brilliance
 g - 9 potions of curing
 h - 3 potions of heal wounds
 m - a potion of lignification
 q - a potion of berserk rage
 u - 2 potions of cancellation
 A - 2 potions of flight
 F - 3 potions of magic
 G - 5 potions of haste
 H - 2 potions of might
 M - 2 potions of mutation
 X - 2 potions of invisibility
Miscellaneous
 k - a box of beasts
 V - a phial of floods


   Skills:
 - Level 10.5 Fighting
 + Level 13.2 Maces & Flails
 - Level 0.6 Polearms
 - Level 2.1 Armour
 - Level 3.9 Dodging
 - Level 1.7 Stealth
 + Level 7.5 Shields
 - Level 15.0 Spellcasting
 + Level 14.0 Conjurations
 - Level 13.4 Summonings
 - Level 1.2 Transmutations
 + Level 5.1 Ice Magic
 + Level 5.3 Air Magic
 - Level 10.0 Poison Magic


You had 18 spell levels left.
You knew the following spells:

 Your Spells              Type           Power      Damage    Failure   Level
a - Sting                 Tmut/Pois      100%       1d8       1%          1
b - Poisonous Vapours     Pois/Air       100%       N/A       1%          2
c - Mephitic Cloud        Conj/Pois/Air  68%        N/A       1%          3
d - Olgreb's Toxic Radia  Pois           68%        N/A       1%          4
e - Orb of Destruction    Conj           40%        9d11      6%          7
f - Spellforged Servitor  Conj/Summ      40%        N/A       7%          7
g - Freezing Cloud        Conj/Ice/Air   31%        6-21      2%          5

Your spell library contained the following spells:

 Spells                   Type           Power      Damage    Failure   Level
 Shock                    Conj/Air       100%       1d9       1%          1
 Static Discharge         Conj/Air       67%        N/A       1%          2
 Conjure Flame            Conj/Fire      58%        6-21      1%          3
 Ignite Poison            Fire/Tmut/Pois 43%        N/A       1%          3
 Summon Guardian Golem    Hex/Summ       57%        N/A       1%          3
 Swiftness                Air            51%        N/A       1%          3
 Sticky Flame             Conj/Fire      58%        2d7       1%          4
 Lightning Bolt           Conj/Air       33%        1d51      1%          5
 Airstrike                Air            25%        N/A       2%          4
 Confusing Touch          Hex            21%        N/A       7%          3
 Gell's Gravitas          Tloc           21%        N/A       7%          3
 Portal Projectile        Hex/Tloc       42%        N/A       7%          3
 Teleport Other           Tloc           21%        N/A       7%          3
 Leda's Liquefaction      Hex/Erth       10%        N/A       22%         4
 Blade Hands              Tmut           14%        N/A       34%         5
 Yara's Violent Unravell  Hex/Tmut       12%        3d7       43%         5
 Excruciating Wounds      Necr           10%        N/A       50%         5
 Lee's Rapid Deconstruct  Erth           10%        3d9*      50%         5
 Statue Form              Tmut/Erth      16%        N/A       92%         6
 Dispersal                Tloc           10%        N/A       96%         6
 Enfeeble                 Hex            10%        N/A       100%        7
 Maxwell's Capacitive Co  Air            25%        ∞         100%        8


Dungeon Overview and Level Annotations

Branches:
Dungeon (15/15)            Temple (0/1) D:6            Lair (6/6) D:10
  Swamp (4/4) Lair:4        Snake (4/4) Lair:4        Slime (0/5) Lair:6
    Orc (2/2) D:9             Elf (0/3) Orc:2        Vaults (0/5) D:13
 Depths (0/4) D:15          Sewer (visited)           IceCv (visited)

Altars:
Okawaru
Xom
Zin
Beogh
Jiyva

Shops:
D:5 (   D:7 (   Orc:2 :=:[!![[(   Snake:3 *   Snake:4 *

Annotations:
D:15 2 runed translucent doors, Qogig's ghost, journeyman TrCA


Innate Abilities, Weirdness & Mutations

You have a pair of large antennae on your head. (SInv)
You are completely covered in molten scales. (AC +4, rF+)
Your demonic aura often causes spilled blood to erupt in flames.
You regenerate health from kills.
Your magical and physical power is slightly enhanced at high health.
You have very sharp teeth.
You have hooves in place of feet.
You are mostly covered in large bone plates. (SH +6)
You possess an exceptional clarity of mind.
Your flesh is heat resistant. (rF+)
You are almost entirely resistant to further mutation and mutation removal.
Your system is resistant to poisons. (rPois)
You are robust. (+10% HP)
You are covered in fur. (AC +1)
Your muscles are strong. (Str +2)
You have a small jelly attached to you that senses nearby items.
Your melee attacks may engulf your foes in ooze.


Message History

The spriggan berserker barely misses you.
The elephant tramples you.
You hold your ground!
You block the elephant's attack.
The spriggan berserker hits you with a +2 rapier of draining!!
You feel drained. The elephant tramples you!
You hold your ground!
The elephant trunk-slaps you but does no damage.
You barely miss the spriggan berserker. You kick the spriggan berserker.
The spriggan berserker is lightly wounded.
You block the spriggan berserker's attack.
You block the elephant's attack. The elephant closely misses you.
The spriggan berserker hits you with a +2 rapier of draining!
You feel drained.
Your unstable footing causes you to fumble your attack.
You block the elephant's attack. x2
The spriggan berserker hits you with a +2 rapier of draining!!
You feel drained. The elephant closely misses you.
The elephant trunk-slaps you but does no damage.
Your unstable footing causes you to fumble your attack.
You block the spriggan berserker's attack.
The elephant barely misses you. x2
The spriggan berserker hits you with a +2 rapier of draining!!
You feel drained.
* * * LOW HITPOINT WARNING * * *
Unknown command.
You block the elephant's attack. x2; The elephant tramples you!
* * * LOW HITPOINT WARNING * * *
You hold your ground!
The elephant trunk-slaps you but does no damage.
The spriggan berserker is engulfed in blazing flames.
You block the spriggan berserker's attack.
Things that are here:
a +0 robe; a +0 quarterstaff You barely miss the spriggan berserker.
Your kick misses the spriggan berserker.
You bite the spriggan berserker.
The spriggan berserker is lightly wounded.
You block the elephant's attack. x2
The spriggan berserker is engulfed in blazing flames.
The spriggan berserker hits you with a +2 rapier of draining!!!
You die...

.≈..§≈.≈≈.≈..♣ ≈.≈.≈≈.≈....♣
######## §♣♣♣♣♣♣ ..≈...≈..≈.≈♣
##.§.♣.≈≈# ≈≈≈.≈≈
...≈....≈≈.≈###♣.≈.♣♣♣≈≈≈♣###≈≈≈≈
≈..≈....≈..##≈≈≈≈≈≈§♣≈≈.≈≈ ≈##.≈≈
..≈≈≈≈≈...##≈##.≈≈≈≈♣≈≈≈≈≈##≈##..
.≈..≈≈≈.≈##≈≈#[##♣≈.♣ ##)#≈.##.
..≈.≈≈...#♣.≈§#≈##≈≈♣ ##.#9..♣#.
.≈≈.≈...##≈≈≈≈#≈@##♣.♣##.≈#≈.≈.##
≈...≈.≈.#♣≈.§≈##Yi##♣##.≈##≈.≈≈♣#
≈...≈.).#≈≈.≈≈♣#≈.§♣#♣≈≈≈#♣≈≈≈..#
≈.≈.≈≈.#..≈≈.≈≈##♣≈.≈≈≈♣##≈.≈≈..[
..≈≈...#..≈♣.≈..##≈.≈≈≈##...≈≈♣..
.....≈.#≈≈≈≈..≈##♣≈≈.≈≈♣##≈≈.≈[.≈
≈...≈≈≈#.≈.≈♣####♣[.8≈≈♣ ###♣≈.≈≈
....≈≈.#≈.♣## #[≈≈♣≈≈≈# { ##♣≈≈
≈.≈....#♣♣# ..≈.≈#♣♣♣♣♣#≈≈≈{{ #♣♣


You could see an elephant (summoned, berserk) and a spriggan berserker
(berserk).

Vanquished Creatures
  Saint Roka (Snake:3)
  Jorgrun (D:15)
  The ghost of wilfster70 the Omniscient, an adept GnSu of Ashenzari (Swamp:3)
  3 tentacled monstrosities (Swamp:4)
  Kirke (Snake:3)
  Roxanne (Snake:3)
  A fenstrider witch (Swamp:4)
  2 nagarajas
  Nessos (D:15)
  An eleionoma (Swamp:1)
  Snorg (Lair:4)
  A bunyip (Swamp:1)
  The ghost of Ysothyrgh the Fighter, a journeyman GrFi of Okawaru (D:14)
  A blizzard demon (Swamp:4)
  A shambling mangrove (Swamp:4)
  A fire dragon (D:13)
  Fannar (D:12)
  Josephine (Lair:4)
  17 hydras
  Harold (D:8)
  A nameless horror (Snake:3)
  5 naga warriors
  Erolcha (D:10)
  3 boulder beetles
  4 merfolk avatars
  2 salamander tyrants
  4 ogre magi
  2 catoblepae (Lair:4)
  9 anacondas
  2 centaur warriors
  2 ghost crabs
  4 alligators
  8 two-headed ogres
  3 tengu warriors (D:15)
  9 death yaks
  5 naga sharpshooters
  Nergalle (Lair:4)
  11 shock serpents
  3 orc high priests (Orc:2)
  A spriggan berserker (Swamp:4)
  4 skeletal warriors (D:14)
  2 salamander mystics
  3 sea snakes
  A death drake (Swamp:4)
  2 deep trolls
  2 tengu zombies (D:14)
  3 sixfirhies (Swamp:4)
  4 bog bodies
  3 spriggan druids
  3 lindwurms
  3 naga ritualists
  2 swamp dragons
  6 goliath frogs
  2 orc knights (Orc:2)
  2 necromancers (D:15)
  8 deep elf pyromancers
  A harpy (Lair:6)
  8 ugly things (D:15)
  11 mana vipers
  5 orc sorcerers
  A frost giant zombie (D:14)
  2 will-o-the-wisps
  3 manticores
  14 elephants
  15 salamanders
  6 guardian serpents
  4 cyclopes
  39 black mambas
  7 naga magi
  An ice statue (IceCv)
  A storm dragon simulacrum (D:14)
  Maggie (D:6)
  Joseph (D:10)
  15 rime drakes
  12 cane toads
  An efreet (D:15)
  6 komodo dragons
  A tengu conjurer (D:13)
  5 trolls
  5 tyrant leeches
  5 polar bears
  A spriggan zombie (D:14)
  8 hornets
  5 dream sheep (Lair:5)
  9 blink frogs
  A fire giant simulacrum (D:14)
  A frost giant simulacrum (D:14)
  3 snapping turtles (Lair:6)
  A stone giant simulacrum (D:14)
  6 wraiths
  6 spriggans
  A hog (Snake:3)
  3 wyverns
  41 yaks
  A chaos spawn (Swamp:4)
  6 basilisks
  4 vampire mosquitoes (D:10)
  A fire bat (D:5)
  9 steam dragons
  Edmund (D:5)
  3 wargs
  14 swamp worms
  An acid dragon (D:12)
  21 nagas
  12 water moccasins
  18 orc warriors
  A black bear (D:4)
  2 spriggan simulacra (D:14)
  5 ogres
  3 boggarts (D:14)
  52 wolves
  6 centaurs
  9 bullfrogs
  2 gnoll sergeants
  A kobold brigand (D:10)
  2 scorpions
  A wyvern zombie (D:8)
  A killer bee (D:4)
  A howler monkey (D:9)
  2 electric eels
  3 centaur zombies
  5 jellies
  13 orc priests
  3 hounds
  A gnoll shaman (D:6)
  An iguana (D:5)
  Crazy Yiuf (D:4)
  Terence (D:2)
  21 orc wizards
  16 gnolls
  A howler monkey skeleton (D:7)
  6 adders
  2 river rats (Sewer)
  4 worms
  43 orcs
  9 ball pythons
  14 endoplasms
  4 giant cockroaches
  6 goblins
  3 hobgoblins
  6 kobolds
  4 quokkas
  3 bats (D:1)
  5 frilled lizards
  10 rats
789 creatures vanquished.

Vanquished Creatures (collateral kills)
  The ghost of Sibliwk the Severer, an adept FoFi of Okawaru (Snake:3)
  A nagaraja (Snake:4)
  A frost giant (IceCv)
  Aizul (Snake:3)
  An ettin (D:15)
  A hydra (Swamp:4)
  A boulder beetle (D:14)
  2 naga warriors
  An orc high priest (Orc:2)
  2 naga sharpshooters (Snake:4)
  A spriggan berserker (Swamp:4)
  A spriggan (Swamp:1)
  2 salamander mystics (Snake:4)
  A goliath frog (Swamp:4)
  A death drake (Swamp:4)
  2 naga ritualists (Snake:4)
  A swamp dragon (Swamp:4)
  2 orc knights (Orc:2)
  A wizard (D:15)
  A lindwurm (Snake:4)
  2 ugly things (D:15)
  2 cyclopes
  2 salamanders
  2 black mambas (Snake:4)
  2 naga magi (Snake:4)
  2 guardian serpents (Snake:4)
  2 rime drakes
  2 komodo dragons
  A yaktaur (shapeshifter) (D:13)
  A tyrant leech (Swamp:4)
  2 hornets (Swamp:1)
  A blink frog (Lair:1)
  A vampire (D:13)
  4 steam dragons (Lair:2)
  A swamp worm (Swamp:2)
  2 nagas
  An orc warrior (Orc:2)
  An orc priest (Orc:2)
  An orc wizard (Orc:2)
57 creatures vanquished.

Vanquished Creatures (others)
  A two-headed ogre (D:12)
  2 rime drakes (Lair:2)
  2 bloated husks (Swamp:2)
  2 slime creatures (D:12)
  A yak (IceCv)
  A basilisk (Lair:2)
  A wraith (D:10)
  A steam dragon (Lair:2)
  A swamp worm (Swamp:4)
  2 water moccasins
  2 necrophages (D:5)
  2 wolves
  An ogre (D:4)
  A centaur (D:4)
  A phantom (D:6)
  2 scorpions
  2 bullfrogs
  7 killer bees
  95 jellies
  2 hounds (D:5)
  An orc priest (D:4)
  4 orc wizards
  A hound zombie (D:5)
  2 gnolls
  An adder (D:4)
  An adder skeleton (D:5)
  10 orcs
  2 endoplasms (D:4)
  A giant cockroach (D:3)
  4 goblins
  2 ball pythons (D:4)
  A kobold (D:4)
  A bush (Lair:2)
  6 foxfires
  91 fungi
  133 plants
390 creatures vanquished.

Grand Total: 1236 creatures vanquished

Notes
Turn   | Place    | Note
-------+----------+-------------------------------------------
     0 | D:1      | tsouns the Demonspawn Venom Mage began the quest for the
                  | Orb.
     0 | D:1      | Reached XP level 1. HP: 13/13 MP: 3/3
    36 | D:1      | Reached skill level 1 in Transmutations
   272 | D:1      | Gained mutation: You regenerate a little health from kills.
                  | [demonic ancestry]
   272 | D:1      | Reached XP level 2. HP: 19/19 MP: 5/5
   278 | D:1      | Learned a level 2 spell: Poisonous Vapours
   821 | D:2      | Noticed Terence
   891 | D:2      | Killed Terence
   892 | D:2      | Gained mutation: You regenerate health from kills. [demonic
                  | ancestry]
   892 | D:2      | Reached XP level 3. HP: 14/24 MP: 0/7
  1039 | D:2      | Reached skill level 3 in Spellcasting
  1060 | D:2      | Found a faded altar of an unknown god.
  1258 | D:2      | Gained mutation: You have a pair of small antennae on your
                  | head. [demonic ancestry]
  1258 | D:2      | Reached XP level 4. HP: 30/30 MP: 1/8
  1623 | D:2      | Found a shimmering altar of Xom.
  2412 | D:3      | Found a glowing drain.
  2426 | Sewer    | Entered a sewer
  2431 | Sewer    | Learned a level 3 spell: Mephitic Cloud
  2975 | Sewer    | Gained mutation: You are partially covered in molten
                  | scales. (AC +2) [demonic ancestry]
  2975 | Sewer    | Reached XP level 5. HP: 27/35 MP: 7/10
  3097 | Sewer    | Reached skill level 4 in Spellcasting
  3376 | Sewer    | Found a viscous altar of Jiyva.
  3384 | Sewer    | Reached skill level 5 in Poison Magic
  3630 | Sewer    | Gained mutation: Your flesh is heat resistant. (rF+)
                  | [potion of mutation]
  3659 | Sewer    | Became a worshipper of Jiyva Jietuote the Shapeless
  4029 | D:4      | Noticed a black bear
  4114 | D:4      | Reached * piety under Jiyva
  4127 | D:4      | Noticed an ogre
  4128 | D:4      | Killed an ogre
  4204 | D:4      | Gained mutation: You are mostly covered in molten scales.
                  | (AC +3) [demonic ancestry]
  4204 | D:4      | Reached XP level 6. HP: 41/41 MP: 8/12
  4295 | D:4      | Noticed a steam dragon
  4308 | D:4      | Killed a steam dragon
  4309 | D:4      | Reached skill level 5 in Spellcasting
  4442 | D:4      | Reached XP level 7. HP: 46/46 MP: 10/14
  4505 | D:4      | Reached ** piety under Jiyva
  4664 | D:4      | Found a runed translucent door.
  4665 | D:4      | Noticed Crazy Yiuf
  4902 | D:4      | Killed Crazy Yiuf
  4979 | D:5      | Entered Level 5 of the Dungeon
  5134 | D:5      | Noticed a fire bat
  5134 | D:5      | an ice beast changed into a fire bat
  5143 | D:5      | Killed a fire bat
  5167 | D:5      | Noticed Edmund
  5205 | D:5      | Reached skill level 6 in Spellcasting
  5210 | D:5      | Found Vedoirac's Antique Weapon Emporium.
  5272 | D:5      | Learned a level 4 spell: Olgreb's Toxic Radiance
  5298 | D:5      | You fall into a shaft and drop 3 floors!
  5298 | D:8      | Noticed Harold
  5331 | D:8      | Killed Harold
  5332 | D:8      | Reached skill level 7 in Spellcasting
  5332 | D:8      | Reached XP level 8. HP: 48/52 MP: 8/18
  5445 | D:8      | Reached *** piety under Jiyva
  5445 | D:8      | Gained mutation: Your rubbery body absorbs attacks. (AC +1,
                  | EV +1) [Jiyva's grace]
  5445 | D:8      | Gained mutation: Your pliable body absorbs attacks. (AC +2,
                  | EV +2) [Jiyva's grace]
  5445 | D:8      | Gained mutation: Your gelatinous body deflects attacks. (AC
                  | +3, EV +3) [Jiyva's grace]
  5445 | D:8      | Gained mutation: You have an increased reservoir of magic.
                  | (+10% MP) [Jiyva's grace]
  5847 | D:6      | Found a staircase to the Ecumenical Temple.
  5875 | D:6      | Reached XP level 9. HP: 55/57 MP: 12/22
  5885 | D:6      | Noticed Maggie
  5950 | D:5      | Killed Edmund
  5951 | D:5      | Reached skill level 8 in Spellcasting
  6101 | D:5      | Reached **** piety under Jiyva
  6528 | D:5      | Upgraded the game from 0.29-a0-11-ga75d3d97ab to
                  | 0.29-a0-91-gdebf4667c2
  6528 | D:5      | Upgraded the game from 0.29-a0-91-gdebf4667c2 to
                  | 0.29-a0-187-ga23d9638d5
  6762 | D:6      | Killed Maggie
  7150 | D:7      | Lost mutation: You have an increased reservoir of magic.
                  | (+10% MP) [Jiyva's grace]
  7150 | D:7      | Lost mutation: Your gelatinous body deflects attacks. (AC
                  | +3, EV +3) [Jiyva's grace]
  7150 | D:7      | Gained mutation: Armour fits poorly on your pseudopods.
                  | [Jiyva's grace]
  7150 | D:7      | Gained mutation: Armour fits poorly on your large
                  | pseudopods. [Jiyva's grace]
  7150 | D:7      | Gained mutation: Armour fits poorly on your massive
                  | pseudopods. [Jiyva's grace]
  7150 | D:7      | Gained mutation: Your gelatinous body deflects attacks. (AC
                  | +3, EV +3) [Jiyva's grace]
  7400 | D:7      | Reached ***** piety under Jiyva
  7607 | D:7      | Found Ushoam's Weapon Emporium.
  7926 | D:8      | Noticed a two-headed ogre
  7944 | D:8      | Killed a two-headed ogre
  7989 | D:8      | Reached skill level 10 in Poison Magic
  7992 | D:8      | Reached skill level 9 in Spellcasting
  8140 | D:8      | Learned a level 7 spell: Orb of Destruction
  8148 | D:8      | Learned a level 7 spell: Spellforged Servitor
  8649 | D:9      | Found a staircase to the Orcish Mines.
  8664 | D:9      | Reached skill level 1 in Conjurations
  8698 | D:9      | Reached skill level 1 in Summonings
  8995 | D:10     | Entered Level 10 of the Dungeon
  9032 | D:10     | Lost mutation: Your flesh is heat resistant. (rF+) [Jiyva's
                  | grace]
  9032 | D:10     | Lost mutation: Armour fits poorly on your massive
                  | pseudopods. [Jiyva's grace]
  9032 | D:10     | Gained mutation: Your body has grown eyes which may confuse
                  | attackers. (Acc +3) [Jiyva's grace]
  9032 | D:10     | Gained mutation: Your body has grown many eyes which may
                  | confuse attackers. (Acc +5) [Jiyva's grace]
  9032 | D:10     | Gained mutation: Your body is covered in eyes which may
                  | confuse attackers. (Acc +7, SInv) [Jiyva's grace]
  9032 | D:10     | Gained mutation: Your translucent skin slightly reduces
                  | your foes' accuracy. (Stealth+) [Jiyva's grace]
  9140 | D:10     | Reached XP level 10. HP: 63/63 MP: 23/23
  9262 | D:10     | Reached ****** piety under Jiyva
  9448 | D:10     | Found a staircase to the Lair.
  9630 | D:10     | Noticed Erolcha
  9642 | D:10     | Killed Erolcha
  9745 | D:10     | Noticed Joseph
  9765 | D:10     | Killed Joseph
  9935 | Orc:1    | Entered Level 1 of the Orcish Mines
 10420 | Orc:2    | Entered Level 2 of the Orcish Mines
 10422 | Orc:2    | Found Afrez's Self-Improvement Boutique.
 10423 | Orc:2    | Found Udaplun's Jewellery Emporium.
 10433 | Orc:2    | Bought the ring "Ozeir" {Wiz Will+ Dex+2 Slay+2} for 552
                  | gold pieces
 10443 | Orc:2    | Lost mutation: Your body is covered in eyes which may
                  | confuse attackers. (Acc +7, SInv) [Jiyva's grace]
 10443 | Orc:2    | Lost mutation: Armour fits poorly on your large pseudopods.
                  | [Jiyva's grace]
 10443 | Orc:2    | Gained mutation: Your system is resistant to poisons.
                  | (rPois) [Jiyva's grace]
 10443 | Orc:2    | Gained mutation: You are partially covered in large bone
                  | plates. (SH +4) [Jiyva's grace]
 10443 | Orc:2    | Gained mutation: You are mostly covered in large bone
                  | plates. (SH +6) [Jiyva's grace]
 10443 | Orc:2    | Gained mutation: You are completely covered in large bone
                  | plates. (SH +8) [Jiyva's grace]
 10476 | Orc:2    | Found Hasi's Book Shoppe.
 10512 | Orc:2    | Found Foagesk's Armour Boutique.
 10521 | Orc:2    | Noticed an orc high priest
 10534 | Orc:2    | Reached skill level 1 in Fighting
 10535 | Orc:2    | Reached skill level 10 in Spellcasting
 10541 | Orc:2    | Killed an orc high priest
 10542 | Orc:2    | Reached skill level 5 in Maces & Flails
 10542 | Orc:2    | Gained mutation: You are completely covered in molten
                  | scales. (AC +4, rF+) [demonic ancestry]
 10542 | Orc:2    | Reached XP level 11. HP: 71/71 MP: 22/25
 10737 | Orc:2    | Found a staircase to the Elven Halls.
 10757 | Orc:2    | Found Soav's Weapon Emporium.
 10876 | Orc:2    | Noticed an orc sorcerer
 10886 | Orc:2    | Found Ylaasum's Antique Armour Boutique.
 10886 | Orc:2    | Killed an orc sorcerer
 10887 | Orc:2    | Noticed an orc sorcerer
 10887 | Orc:2    | Noticed an orc knight
 10894 | Orc:2    | Noticed an orc sorcerer
 10897 | Orc:2    | Noticed an orc high priest
 10898 | Orc:2    | Noticed an orc high priest
 10899 | Orc:2    | Killed an orc sorcerer
 10899 | Orc:2    | Noticed an orc sorcerer
 10900 | Orc:2    | Reached skill level 5 in Conjurations
 10900 | Orc:2    | Reached skill level 5 in Summonings
 10905 | Orc:2    | Killed an orc knight
 10905 | Orc:2    | Noticed an orc knight
 10906 | Orc:2    | Killed an orc sorcerer
 10907 | Orc:2    | Killed an orc sorcerer
 10908 | Orc:2    | Killed an orc high priest
 10908 | Orc:2    | Noticed an orc knight
 10909 | Orc:2    | Noticed an orc knight
 10909 | Orc:2    | Noticed an orc high priest
 10910 | Orc:2    | Killed an orc high priest
 10916 | Orc:2    | Killed an orc knight
 10917 | Orc:2    | Killed an orc knight
 10919 | Orc:2    | Killed an orc knight
 10920 | Orc:2    | Killed an orc high priest
 10932 | Orc:2    | Found Mesilos's Distillery.
 10941 | Orc:2    | Bought a pair of runed gloves for 232 gold pieces
 10948 | Orc:2    | Bought a potion of curing for 54 gold pieces
 10948 | Orc:2    | Bought a potion of magic for 144 gold pieces
 10948 | Orc:2    | Found Cigan's Distillery.
 10950 | Orc:2    | Found Naomash's Antique Armour Boutique.
 10956 | Orc:2    | Bought a potion of curing for 51 gold pieces
 10956 | Orc:2    | Bought a potion of haste for 170 gold pieces
 11085 | Lair:1   | Entered Level 1 of the Lair of Beasts
 11192 | Lair:1   | Gained mutation: You have a pair of antennae on your head.
                  | [demonic ancestry]
 11192 | Lair:1   | Reached XP level 12. HP: 84/84 MP: 26/26
 11206 | Lair:1   | Reached skill level 5 in Fighting
 11422 | Lair:1   | Lost mutation: Your system is resistant to poisons. (rPois)
                  | [Jiyva's grace]
 11422 | Lair:1   | Gained mutation: Your flesh is heat resistant. (rF+)
                  | [Jiyva's grace]
 11422 | Lair:1   | Gained mutation: Your flesh is very heat resistant. (rF++)
                  | [Jiyva's grace]
 11422 | Lair:1   | Gained mutation: Your flesh is almost immune to the effects
                  | of heat. (rF+++) [Jiyva's grace]
 11422 | Lair:1   | Gained mutation: You expend magic power (3 MP) to
                  | strengthen your wands. [Jiyva's grace]
 11859 | Lair:2   | Reached skill level 11 in Spellcasting
 12010 | Lair:2   | Found the +10 morningstar "Eos" {elec, Halo rElec}
 12245 | Lair:2   | Noticed a four-headed hydra
 12252 | Lair:2   | Killed a four-headed hydra
 12906 | Lair:3   | Lost mutation: Your flesh is almost immune to the effects
                  | of heat. (rF+++) [Jiyva's grace]
 12906 | Lair:3   | Lost mutation: Your gelatinous body deflects attacks. (AC
                  | +3, EV +3) [Jiyva's grace]
 12906 | Lair:3   | Gained mutation: Your melee attacks may engulf your foes in
                  | ooze. [Jiyva's grace]
 12906 | Lair:3   | Gained mutation: Armour fits poorly on your large
                  | pseudopods. [Jiyva's grace]
 12906 | Lair:3   | Gained mutation: Armour fits poorly on your massive
                  | pseudopods. [Jiyva's grace]
 12906 | Lair:3   | Gained mutation: You are covered in slimy tendrils that may
                  | disarm your opponents. [Jiyva's grace]
 13600 | Lair:4   | Gained mutation: You have a pair of large antennae on your
                  | head. (SInv) [demonic ancestry]
 13600 | Lair:4   | Reached XP level 13. HP: 49/95 MP: 28/28
 13687 | Lair:4   | Noticed Josephine
 13700 | Lair:4   | Killed Josephine
 13834 | Lair:4   | Identified the ring of Eternal Harmony {rPois rC+ Slay+4}
 13868 | Lair:4   | Noticed Snorg
 13881 | Lair:4   | Killed Snorg
 13993 | Lair:4   | Found a staircase to the Snake Pit.
 14000 | Lair:4   | Noticed Nergalle
 14029 | Lair:4   | Killed Nergalle
 14045 | Lair:4   | Reached skill level 12 in Spellcasting
 14384 | Lair:4   | Found a staircase to the Swamp.
 14587 | Lair:5   | Learned a level 5 spell: Freezing Cloud
 14700 | Lair:5   | Lost mutation: Your pliable body absorbs attacks. (AC +2,
                  | EV +2) [Jiyva's grace]
 14700 | Lair:5   | Lost mutation: Armour fits poorly on your massive
                  | pseudopods. [Jiyva's grace]
 14700 | Lair:5   | Lost mutation: Your translucent skin slightly reduces your
                  | foes' accuracy. (Stealth+) [Jiyva's grace]
 14700 | Lair:5   | Lost mutation: Your melee attacks may engulf your foes in
                  | ooze. [Jiyva's grace]
 14700 | Lair:5   | Gained mutation: Your system is resistant to poisons.
                  | (rPois) [Jiyva's grace]
 14700 | Lair:5   | Gained mutation: Your spells are a little harder to cast,
                  | but a little more powerful. [Jiyva's grace]
 14700 | Lair:5   | Gained mutation: Your spells are harder to cast, but more
                  | powerful. [Jiyva's grace]
 14700 | Lair:5   | Gained mutation: Your spells are much harder to cast, but
                  | much more powerful. [Jiyva's grace]
 14704 | Lair:5   | Identified the ring "Cehekeuc" {*Corrode Drain Fly Int+8}
 14714 | Lair:5   | You fall into a shaft and drop 1 floor!
 14714 | Lair:6   | Entered Level 6 of the Lair of Beasts
 14850 | Lair:6   | Reached XP level 14. HP: 82/106 MP: 27/30
 14865 | Lair:6   | Identified the +4 leather armour of the Butterfly {Dex+4}
 14877 | Lair:6   | Identified the +4 trident of Dullness {flame, *Rage Will+
                  | Str+3 Dex+2}
 14978 | Lair:6   | Reached skill level 1 in Shields
 15263 | Lair:6   | Reached skill level 10 in Conjurations
 15264 | Lair:6   | Reached skill level 10 in Summonings
 15461 | Lair:6   | Found a viscous altar of Jiyva.
 15461 | Lair:6   | Found a staircase to the Slime Pits.
 15883 | Lair:6   | Identified the +9 spear of Stickiness {holy, *Slow rElec
                  | rCorr Str+5}
 16141 | Lair:5   | Lost mutation: You are completely covered in large bone
                  | plates. (SH +8) [Jiyva's grace]
 16141 | Lair:5   | Lost mutation: Your flesh is very heat resistant. (rF++)
                  | [Jiyva's grace]
 16141 | Lair:5   | Lost mutation: Your system is resistant to poisons. (rPois)
                  | [Jiyva's grace]
 16141 | Lair:5   | Lost mutation: Your body has grown many eyes which may
                  | confuse attackers. (Acc +5) [Jiyva's grace]
 16141 | Lair:5   | Lost mutation: Your body has grown eyes which may confuse
                  | attackers. (Acc +3) [Jiyva's grace]
 16141 | Lair:5   | Lost mutation: Armour fits poorly on your large pseudopods.
                  | [Jiyva's grace]
 16141 | Lair:5   | Gained mutation: You possess an exceptional clarity of
                  | mind. [Jiyva's grace]
 16141 | Lair:5   | Gained mutation: You are covered in fur. (AC +1) [Jiyva's
                  | grace]
 16141 | Lair:5   | Gained mutation: You are covered in thick fur. (AC +2)
                  | [Jiyva's grace]
 16141 | Lair:5   | Gained mutation: Your thick and shaggy fur keeps you warm.
                  | (AC +3, rC+) [Jiyva's grace]
 16164 | Lair:5   | HP: 3/108 [seven-headed hydra (5)]
 16239 | Lair:5   | Identified a scroll of acquirement
 16240 | Lair:5   | Acquired 962 gold pieces
 16709 | Orc:2    | Bought a manual of Dodging for 1040 gold pieces
 16856 | D:11     | Identified the amulet "Qewog" {RegenMP rPois rCorr Dex-4
                  | SInv}
 17526 | D:12     | Found a frozen archway.
 17538 | IceCv    | Entered an ice cave
 17562 | IceCv    | Reached skill level 10 in Maces & Flails
 17564 | IceCv    | Reached skill level 13 in Spellcasting
 17701 | IceCv    | Reached skill level 5 in Shields
 17701 | IceCv    | Gained mutation: Your magical and physical power is
                  | slightly enhanced at high health. [demonic ancestry]
 17701 | IceCv    | Reached XP level 15. HP: 114/114 MP: 32/32
 17811 | IceCv    | Noticed a frost giant
 17829 | IceCv    | Killed a frost giant
 18052 | D:12     | Noticed Fannar
 18071 | D:12     | Killed Fannar
 18072 | D:12     | Reached XP level 16. HP: 84/120 MP: 33/33
 18230 | D:12     | Lost mutation: You are mostly covered in large bone plates.
                  | (SH +6) [Jiyva's grace]
 18230 | D:12     | Lost mutation: Your thick and shaggy fur keeps you warm.
                  | (AC +3, rC+) [Jiyva's grace]
 18230 | D:12     | Lost mutation: Your spells are much harder to cast, but
                  | much more powerful. [Jiyva's grace]
 18230 | D:12     | Gained mutation: Your muscles are strong. (Str +2) [Jiyva's
                  | grace]
 18230 | D:12     | Gained mutation: Your muscles are very strong. (Str +4)
                  | [Jiyva's grace]
 18230 | D:12     | Gained mutation: You have very sharp teeth. [Jiyva's grace]
 18230 | D:12     | Gained mutation: You have extremely sharp teeth. [Jiyva's
                  | grace]
 19087 | D:13     | Found a gate to the Vaults.
 19200 | D:14     | Found a runed translucent gate.
 19201 | D:14     | Found a runed translucent gate.
 19202 | D:14     | Found a runed translucent gate.
 19203 | D:14     | Noticed Ysothyrgh's ghost (journeyman GrFi)
 19258 | D:14     | Killed Ysothyrgh's ghost
 19888 | D:14     | Lost mutation: You have extremely sharp teeth. [Jiyva's
                  | grace]
 19888 | D:14     | Lost mutation: You are partially covered in large bone
                  | plates. (SH +4) [Jiyva's grace]
 19888 | D:14     | Lost mutation: You possess an exceptional clarity of mind.
                  | [Jiyva's grace]
 19888 | D:14     | Lost mutation: Your muscles are very strong. (Str +4)
                  | [Jiyva's grace]
 19888 | D:14     | Lost mutation: Your spells are harder to cast, but more
                  | powerful. [Jiyva's grace]
 19888 | D:14     | Lost mutation: Your spells are a little harder to cast, but
                  | a little more powerful. [Jiyva's grace]
 19888 | D:14     | Lost mutation: Your rubbery body absorbs attacks. (AC +1,
                  | EV +1) [Jiyva's grace]
 19888 | D:14     | Lost mutation: Armour fits poorly on your pseudopods.
                  | [Jiyva's grace]
 19888 | D:14     | Gained mutation: You have large cloven feet. [Jiyva's
                  | grace]
 19888 | D:14     | Gained mutation: You have hoof-like feet. [Jiyva's grace]
 19888 | D:14     | Gained mutation: You have hooves in place of feet. [Jiyva's
                  | grace]
 19888 | D:14     | Gained mutation: You have acidic saliva. [Jiyva's grace]
 20083 | D:15     | Entered Level 15 of the Dungeon
 20291 | D:15     | Found a staircase to the Depths.
 20295 | D:15     | Noticed Jorgrun
 20308 | D:15     | Killed Jorgrun
 20437 | D:15     | Reached skill level 14 in Spellcasting
 20459 | D:15     | Found a runed translucent door.
 20535 | D:15     | Noticed Qogig's ghost (journeyman TrCA)
 20536 | D:15     | Noticed a lich
 20537 | D:15     | Noticed a tengu reaver
 20574 | D:15     | Found a runed translucent door.
 20589 | D:15     | Noticed Nessos
 20600 | D:15     | Killed Nessos
 21037 | Snake:1  | Entered Level 1 of the Snake Pit
 21050 | Snake:1  | Upgraded the game from 0.29-a0-187-ga23d9638d5 to
                  | 0.29-a0-214-g17f627cfee
 21824 | Snake:2  | Gained mutation: Your demonic aura sometimes causes spilled
                  | blood to erupt in flames. [demonic ancestry]
 21824 | Snake:2  | Reached XP level 17. HP: 124/126 MP: 25/35
 22010 | Snake:2  | Lost mutation: You have hooves in place of feet. [Jiyva's
                  | grace]
 22010 | Snake:2  | Lost mutation: You have hoof-like feet. [Jiyva's grace]
 22010 | Snake:2  | Lost mutation: You are covered in slimy tendrils that may
                  | disarm your opponents. [Jiyva's grace]
 22010 | Snake:2  | Lost mutation: You expend magic power (3 MP) to strengthen
                  | your wands. [Jiyva's grace]
 22010 | Snake:2  | Gained mutation: You are somewhat resistant to further
                  | mutation. [Jiyva's grace]
 22010 | Snake:2  | Gained mutation: You are somewhat resistant to both further
                  | mutation and mutation removal. [Jiyva's grace]
 22010 | Snake:2  | Gained mutation: You are almost entirely resistant to
                  | further mutation and mutation removal. [Jiyva's grace]
 22010 | Snake:2  | Gained mutation: You are robust. (+10% HP) [Jiyva's grace]
 22439 | Snake:3  | Found a runed translucent door.
 22521 | Snake:3  | Noticed Aizul
 22536 | Snake:3  | Killed Aizul
 22573 | Snake:3  | Found Miutuh's General Store.
 22601 | Snake:3  | Bought a scroll of teleportation for 48 gold pieces
 22619 | Snake:3  | Noticed Sibliwk's ghost (adept FoFi)
 22837 | Snake:3  | Noticed Roxanne
 22881 | Snake:3  | Killed Roxanne
 22972 | Snake:3  | Noticed Saint Roka
 23010 | Snake:3  | Killed Saint Roka
 23060 | Snake:3  | Reached skill level 1 in Ice Magic
 23060 | Snake:3  | Reached skill level 1 in Air Magic
 23196 | Snake:3  | Noticed Kirke
 23206 | Snake:3  | Killed Kirke
 23364 | Snake:3  | Identified the ring "Jalodyik" {Ice Dex+2}
 23377 | Snake:3  | Killed Sibliwk's ghost
 23419 | Snake:4  | Entered Level 4 of the Snake Pit
 23501 | Snake:4  | Lost mutation: You have acidic saliva. [Jiyva's grace]
 23501 | Snake:4  | Gained mutation: You have a small jelly attached to you
                  | that senses nearby items. [Jiyva's grace]
 23501 | Snake:4  | Gained mutation: Your system is resistant to poisons.
                  | (rPois) [Jiyva's grace]
 23501 | Snake:4  | Gained mutation: You possess an exceptional clarity of
                  | mind. [Jiyva's grace]
 23501 | Snake:4  | Gained mutation: Your melee attacks may engulf your foes in
                  | ooze. [Jiyva's grace]
 23527 | Snake:4  | Found Booxtoes's Assorted Antiques.
 23536 | Snake:4  | Found an iron altar of Okawaru.
 23914 | Snake:4  | Reached skill level 10 in Fighting
 24517 | Snake:4  | Reached skill level 15 in Spellcasting
 24560 | Snake:4  | Got a serpentine rune of Zot
 24869 | Swamp:1  | Entered Level 1 of the Swamp
 24893 | Swamp:1  | Gained mutation: Your demonic aura often causes spilled
                  | blood to erupt in flames. [demonic ancestry]
 24893 | Swamp:1  | Reached XP level 18. HP: 143/148 MP: 37/37
 25414 | Swamp:1  | You fall into a shaft and drop 1 floor!
 25490 | Swamp:2  | Lost mutation: You are covered in thick fur. (AC +2)
                  | [Jiyva's grace]
 25490 | Swamp:2  | Gained mutation: You have hoof-like feet. [Jiyva's grace]
 25490 | Swamp:2  | Gained mutation: You have hooves in place of feet. [Jiyva's
                  | grace]
 25490 | Swamp:2  | Gained mutation: You are partially covered in large bone
                  | plates. (SH +4) [Jiyva's grace]
 25490 | Swamp:2  | Gained mutation: You are mostly covered in large bone
                  | plates. (SH +6) [Jiyva's grace]
 25728 | Swamp:2  | Identified the +8 shortbow "Impslayer" {flame, rElec rC++
                  | Int-3}
 26217 | Swamp:3  | Found a runed translucent gate.
 26225 | Swamp:3  | Found a runed translucent gate.
 26283 | Swamp:3  | Found a runed translucent gate.
 26285 | Swamp:3  | Noticed wilfster70's ghost (adept GnSu)
 26322 | Swamp:3  | Killed wilfster70's ghost
 26340 | Swamp:3  | Identified the +7 broad axe "Manego" {vorpal, rPois rC-
                  | rN+++ Dex-4}
 26342 | Swamp:3  | Identified the +10 morningstar of Bloodstone {spect, Int+2
                  | Dex+2 SInv}
 26469 | Swamp:4  | Entered Level 4 of the Swamp
 26578 | Swamp:4  | Noticed a tentacled monstrosity
 26591 | Swamp:4  | Killed a tentacled monstrosity
 26673 | Swamp:4  | Noticed a tentacled monstrosity
 26680 | Swamp:4  | Killed a tentacled monstrosity
 26732 | Swamp:4  | Reached skill level 5 in Air Magic
 26769 | Swamp:4  | Reached skill level 5 in Ice Magic
 26803 | Swamp:4  | Noticed a tentacled monstrosity
 26818 | Swamp:4  | Killed a tentacled monstrosity
 26867 | Swamp:4  | Demolished by a spriggan berserker

Illustrated notes

Levels and vault maps discovered:
D:1:      heliophobic_arrival_ceremonial_halls, layout_rooms
D:2:      layout_basic, basic_altar, hellmonk_ecumenical_altar_blasted,
          minivault_27, uniq_terence
D:3:      layout_loops_ring, portal_sewer_entry_b
D:4:      layout_basic, mainiacjoe_overflow_tiny_flanked,
          uniq_crazy_yiuf_cottage
D:5:      layout_basic, serial_shops, kennysheep_mini_moat, uniq_edmund
D:6:      layout_basic, minmay_temple_entry_mist, uniq_maggie
D:7:      layout_loops_ring, serial_shops, kennysheep_mini, enter_bailey_3,
          corexii_item_surrounded_by_moat, minmay_misc_feat_cross,
          minmay_small_thing
D:8:      layout_layer_cave, uniq_harold
D:9:      layout_cave_pools, orc_0_dummy
D:10:     layout_grid_maze, lair_entry_dummy, grunt_ministairs_9, uniq_joseph,
          uniq_erolcha
D:11:     layout_irregular_city
D:12:     layout_gridville, portal_ice_cave_rime, minmay_misc_feat_nine_boxes,
          uniq_fannar
D:13:     layout_loops_ring, david_vaults_4
D:14:     layout_long_grid, gammafunk_ghost_necromancy, minmay_misc_feat_iff,
          nrook_campfire
D:15:     hangedman_depths_entry_civil_slaughter, layout_basic,
          muffindrake_ghost_dual_entry, chequers_hall_statues_corner_a,
          uniq_jorgrun, uniq_nessos
Lair:1:   layout_chaotic_city, serial_bayou_shore_b, grunt_megastairs_4,
          lemuel_fruit_fields
Lair:2:   layout_cave_pods, bobbens_dragon_lair_wall
Lair:3:   layout_cave_pods
Lair:4:   layout_gridlike, palyth_hydra_swamp_entry,
          guppyfry_snake_entry_island, uniq_snorg, uniq_josephine, uniq_nergalle
Lair:5:   layout_regular_city, grunt_forest_large_clearings
Lair:6:   gammafunk_lair_ancient_temple, layout_layer_cave, slime_altar_1,
          infiniplex_staircase_pool_2
Swamp:1:  layout_basic_swamp, nicolae_swamp_small_spring
Swamp:2:  layout_basic_swamp, serial_swamp_ruin, evilmike_swamp_ruin_wall,
          evilmike_swamp_ruin_house_1, evilmike_swamp_ruin_house_2, swamp_pool1,
          grunt_lady_of_the_lake
Swamp:3:  layout_basic_swamp, gammafunk_ghost_hydra_chop, hangedman_swamp_lotus
Swamp:4:  nzn_swamp_witches_coven, layout_basic_swamp, swamp_pool4,
          infiniplex_staircase_pool
Snake:1:  layout_rooms, nicolae_snake_slithery_hallway, serial_bayou_shore_a
Snake:2:  layout_onion, basic_altar, nicolae_snake_gridmaze_zigzag,
          serial_bayou_shore_b
Snake:3:  layout_cave_town, ebering_ghost_inner_flame, serial_shops,
          nicolae_square_shop, st_stairs_7, lemuel_fruit_tree, uniq_saint_roka,
          uniq_kirke, uniq_roxanne, uniq_aizul
Snake:4:  snake_pit_salamanders_mu, layout_cave_town, basic_altar, serial_shops,
          nicolae_shop_statue_plus, nicolae_snake_omega
Orc:1:    layout_caves, basic_altar
Orc:2:    st_orc_elflike, layout_diamond_mine, serial_shops, shop_fountains,
          nicolae_shop_statue_plus, shop_statue, nicolae_shop_stone,
          nicolae_orc_flooded_monolith, abandoned_shop, nicolae_shop_self_help

Skill      XL: |  1  2  3  4  5  6  7  8  9 10 11 12 13 14 15 16 17 18 |
---------------+-------------------------------------------------------+-----
Transmutations | 1 |  1.2
Spellcasting   | 3 4 5 7 9 10 11 12 13 14 15 | 15.0
Poison Magic   | 4 5 6 8 10 | 10.0
Maces & Flails | 3 5 6 7 9 10 11 12 13 | 13.2
Conjurations   | 1 4 6 8 9 10 12 13 14 | 14.0
Summonings     | 1 4 6 8 9 10 12 13 | 13.4
Fighting       | 1 4 6 8 9 10 | 10.5
Shields        | 5 6 7 |  7.5
Armour         | 2 |  2.1
Dodging        | 3 |  3.9
Ice Magic      | 3 5 |  5.1
Air Magic      | 3 5 |  5.3
Polearms       | |  0.6
Stealth        | |  1.7

Action                   |  1- 3 |  4- 6 |  7- 9 | 10-12 | 13-15 | 16-18 || total
-------------------------+-------+-------+-------+-------+-------+-------++-------
Melee: Spear             |    41 |   135 |   192 |       |       |       ||   368
       Unarmed           |     9 |       |       |       |       |       ||     9
       Punch             |       |     1 |     2 |     1 |       |       ||     4
       Dire flail        |       |       |    42 |   201 |       |       ||   243
       Pseudopods        |       |       |     8 |    75 |   118 |    48 ||   249
       Bardiche          |       |       |     2 |       |       |       ||     2
       Morningstar       |       |       |       |    78 |   405 |   846 ||  1329
       Kick              |       |       |       |       |       |   325 ||   325
       Bite              |       |       |       |       |       |   152 ||   152
 Cast: Sting             |    15 |    56 |    53 |    18 |    15 |     4 ||   161
       Poisonous Vapours |    19 |    47 |    99 |    25 |     9 |     2 ||   201
       Mephitic Cloud    |       |       |     9 |    10 |     2 |     2 ||    23
       Olgreb's Toxic Ra |       |       |     2 |    39 |    52 |    22 ||   115
       Freezing Cloud    |       |       |       |       |       |    29 ||    29
       Spellforged Servi |       |       |       |       |       |    28 ||    28
       Orb of Destructio |       |       |       |       |       |     6 ||     6
Invok: Oozemancy         |       |       |       |     1 |     2 |     2 ||     5
Evoke: Wand              |       |       |     1 |     5 |     6 |     3 ||    15
  Use: Scroll            |       |     5 |     3 |     3 |     8 |     6 ||    25
       Potion            |       |     5 |     2 |       |     2 |     4 ||    13
 Stab: Sleeping          |     1 |     4 |     1 |     1 |     1 |       ||     8
       Confused          |       |       |     8 |    13 |    12 |       ||    33
       Petrified         |       |       |       |       |     3 |       ||     3
       Distracted        |       |       |       |       |       |     4 ||     4
Armor: Robe              |    15 |    37 |    92 |       |       |       ||   144
       Steam dragon scal |       |       |    29 |    68 |   166 |   377 ||   640
Dodge: Dodged            |    34 |    84 |   179 |   225 |   300 |   388 ||  1210
Block: Other             |       |       |       |    80 |    95 |       ||   175
       Buckler           |       |       |       |       |   172 |   101 ||   273
       Kite shield       |       |       |       |       |       |   335 ||   335

Table legend: (Time is in decaauts)
 A = Elapsed time spent in this place.
 B = Non-inter-level travel time spent in this place.
 C = Inter-level travel time spent in this place.
 D = Time resting spent in this place.
 E = Time spent auto-exploring this place.
 F = Levels seen in this place.
 G = Mean time per level.
                   A        B        C        D        E       F      G
               +--------+--------+--------+--------+--------+-----+--------+
         Total |  27255 |  25785 |   1470 |     39 |  19280 |  33 |  825.9 |
       Dungeon |  12597 |  11936 |    661 |     25 |   9446 |  15 |  839.8 |
          Lair |   5798 |   5362 |    436 |      0 |   4208 |   6 |  966.3 |
         Swamp |   2152 |   2082 |     70 |      0 |   1288 |   4 |  538.0 |
     Snake Pit |   3818 |   3619 |    199 |     14 |   2370 |   4 |  954.5 |
  Orcish Mines |   1196 |   1094 |    102 |      0 |    794 |   2 |  598.0 |
         Sewer |   1281 |   1281 |      0 |      0 |   1002 |   1 | 1281.0 |
      Ice Cave |    410 |    410 |      0 |      0 |    170 |   1 |  410.0 |
               +--------+--------+--------+--------+--------+-----+--------+

Top non-repeatable levels by time:
 Snake:4: 1367 daAuts
   Sewer: 1281 daAuts
  Lair:6: 1274 daAuts
     D:2: 1146 daAuts
     D:8: 1112 daAuts
 Snake:3: 1022 daAuts
    D:10: 1015 daAuts
  Lair:4: 960 daAuts
  Lair:2: 949 daAuts
    D:14: 948 daAuts
     D:5: 947 daAuts
     D:4: 919 daAuts
  Lair:5: 907 daAuts
  Lair:3: 906 daAuts
     D:3: 857 daAuts
